 Dungeon Crawl Stone Soup version 0.30-a0-782-ge64f9170bb (webtiles) character file.

Game seed: 2830152790965226827

224 Leeroy the Changer (level 6, -8/38 HPs)
             Began as an Octopode Transmuter on Feb 22, 2023.
             Mangled by an ogre
             ... wielding a +0 giant club
              (29 damage)
             ... on level 5 of the Dungeon.
             The game lasted 00:03:35 (3294 turns).

Leeroy the Changer (Octopode Transmuter)            Turns: 3294, Time: 00:03:35

Health: -8/38      AC:  5    Str:  9    XL:     6   Next: 0%
Magic:  9/9        EV: 13    Int: 17    God:
Gold:   201        SH:  5    Dex: 13    Spells: 5/9 levels left

rFire   . . .      SeeInvis .      - Unarmed
rCold   . . .      Faith    .    (no shield)
rNeg    . . .      Spirit   .    (helmet restricted)
rPois   .          Reflect  +    o - amulet of reflection
rElec   .          Harm     .    k - +4 ring of protection
rCorr   .          Rampage  .    (no ring)
Will    .....                    (no ring)
Stlth   ++                       (no ring)
HPRegen 0.26/turn                (no ring)
MPRegen 0.11/turn                (no ring)
                                 (no ring)
                                 (no ring)

@: no status effects
A: almost no armour, amphibious, 8 rings, camouflage 1, gelatinous body 1,
(nimble swimmer 1), tentacles
a: no special abilities


You were on level 5 of the Dungeon.
You visited 1 branch of the dungeon, and saw 5 of its levels.

You collected 201 gold pieces.

Inventory:

Missiles
 p - 6 poisoned darts
Magical Staves
 n - a staff of fire
Jewellery
 k - a +4 ring of protection (left tentacle)
 o - an amulet of reflection (around mantle)
Wands
 q - a wand of roots (13)
Scrolls
 c - 5 scrolls of identify {unknown}
 d - a scroll of enchant weapon {unknown}
 f - a scroll of fog {unknown}
 j - a scroll of teleportation {unknown}
 l - a scroll of vulnerability {unknown}
 m - a scroll of immolation {unknown}
 r - a scroll of noise {unknown}
 s - 2 scrolls of enchant armour {unknown}
Potions
 a - 2 potions of lignification
 b - 4 potions of flight {unknown}
 e - a potion of brilliance {unknown}
 g - a potion of mutation {unknown}
 h - a potion of heal wounds {unknown}
 i - a potion of cancellation {unknown}


   Skills:
 - Level 1.0 Fighting
 - Level 2.0 Dodging
 - Level 0.2 Shields
 + Level 4.1 Unarmed Combat
 - Level 2.0 Spellcasting
 - Level 5.2 Transmutations


You had 5 spell levels left.
You knew the following spells:

 Your Spells              Type           Power      Damage    Failure   Level
a - Beastly Appendage     Tmut           38%        N/A       2%          1
b - Spider Form           Tmut/Pois      10%        N/A       21%         3

Your spell library contained the following spells:

 Spells                   Type           Power      Damage    Failure   Level
 Wereblood                Tmut           19%        N/A       3%          2
 Passwall                 Tmut/Erth      8%         N/A       10%         2
 Sandblast                Erth           2%         2d4       19%         1
 Lesser Beckoning         Tloc           2%         N/A       28%         2
 Gell's Gravitas          Tloc           1%         N/A       50%         3
 Stone Arrow              Conj/Erth      2%         3d7       50%         3
 Teleport Other           Tloc           1%         N/A       50%         3
 Ice Form                 Ice/Tmut       10%        N/A       54%         4


Dungeon Overview and Level Annotations

Branches:
Dungeon (5/15)
 Temple: D:4-7

Altars:
Ashenzari
Fedhas
Trog
Vehumet


Innate Abilities, Weirdness & Mutations

You cannot wear most types of armour.
You are amphibious.
You can wear up to eight rings at the same time.
Your skin changes colour to match your surroundings (Stealth+).
Your rubbery body absorbs attacks. (AC +1, EV +1)
((You are camouflaged when in or above water. (Stealth+)))
You have tentacles for arms and can constrict up to eight enemies at once.


Message History

The hound attacks as you move away! The hound barely misses you.
The hound bites you but does no damage. The hound attacks as you move away!
The hound bites you. x2
The hound barely misses you.
There is a stone staircase leading down here.
The hound barely misses you. The gnoll barely misses you.
You climb downwards.
There is a stone staircase leading up here.
You tentacle-slap the hound. You grab the hound.
The hound is moderately wounded.
You constrict the hound. The hound closely misses you. The hound bites you.
You tentacle-slap the hound. You squeeze the hound.
The hound is severely wounded.
You constrict the hound. The hound bites you.
* * * LOW HITPOINT WARNING * * *
You tentacle-slap the hound but do no damage.
You squeeze the hound.
You kill the hound!
Your Unarmed Combat skill increases to level 4!
You have reached level 6!
You start resting.
HP restored.
You start waiting.
Done waiting.
You have 8 tentacles available for constriction.
Your movement speed is average.
Your attack delay is about 0.9.
Your damage rating with unarmed combat is about 6 (Base [3 + 4 (UC)] x 97% (Str) x 101% (Fight)).
You see here a hound skeleton.
An ogre comes into view. It is wielding a +0 giant club.
Found a scroll labelled ZIUCWIELEE.
An ogre is nearby!
An ogre is nearby!
The helpless ogre fails to defend itself.
You tentacle-slap the ogre but do no damage.
The ogre hits you with a +0 giant club!!
You tentacle-slap the ogre.
The ogre is lightly wounded.
The ogre hits you with a +0 giant club!!
Ouch! That really hurt!
You die...

######## #
#......#
.####.###.####
.......<÷....#
.####.###.##@#
♣ ♣...O..#
♣###.### .?.#
#..# ##.# ..
.#


You could see an ogre.

Vanquished Creatures
  A hound (D:5)
  An iguana (D:4)
  Natasha (thrice) (D:2)
  3 adders
  2 worms (D:3)
  2 dart slugs (D:4)
  2 orcs
  4 ball pythons
  4 bats
  9 endoplasms
  A giant cockroach (D:1)
  5 goblins
  6 hobgoblins
  5 kobolds
  2 quokkas
  A frilled lizard (D:3)
  3 rats
54 creatures vanquished.

Notes
Turn   | Place    | Note
-------+----------+-------------------------------------------
     0 | D:1      | Leeroy the Octopode Transmuter began the quest for the Orb.
     0 | D:1      | Reached XP level 1. HP: 13/13 MP: 3/3
   333 | D:1      | Reached XP level 2. HP: 11/18 MP: 5/5
   657 | D:1      | Reached skill level 3 in Transmutations
  1130 | D:2      | Reached XP level 3. HP: 23/23 MP: 4/6
  1135 | D:2      | Noticed Natasha
  1144 | D:2      | Killed Natasha
  1145 | D:2      | Reached skill level 4 in Transmutations
  1228 | D:2      | Noticed Natasha
  1292 | D:4      | Learned a level 3 spell: Spider Form
  1676 | D:4      | Reached XP level 4. HP: 25/28 MP: 7/7
  1799 | D:3      | Found a radiant altar of Vehumet.
  1905 | D:3      | Found a broken altar of Ashenzari.
  1958 | D:3      | Found a blossoming altar of Fedhas.
  2265 | D:3      | Found a bloodstained altar of Trog.
  2657 | D:2      | Killed Natasha
  2658 | D:2      | Reached skill level 5 in Transmutations
  2658 | D:2      | Reached XP level 5. HP: 33/33 MP: 4/8
  2679 | D:2      | Noticed Natasha
  2716 | D:2      | Killed Natasha
  3066 | D:5      | Entered Level 5 of the Dungeon
  3070 | D:5      | Reached XP level 6. HP: 7/38 MP: 9/9
  3294 | D:5      | Mangled by an ogre

Illustrated notes

Levels and vault maps discovered:
D:1:      amcnicky_arrival_single_pillar, layout_loops_corners
D:2:      layout_rooms, chequers_ecumenical_altar_island, uniq_natasha,
          uniq_jessica
D:3:      layout_basic, mainiacjoe_overflow_boulevard, amcnicky_altar_gilded,
          nicolae_vehumet_altar_sigil, bloody_trog, minmay_stone_trees_small,
          chequers_garden
D:4:      layout_cave_pods, gammafunk_ghost_stat_death
D:5:      layout_loops_cross, grunt_temple_overflow_cloverleaf,
          mainiacjoe_overflow_alcove_1, minmay_temple_entry_waves

Skill      XL: |  1  2  3  4  5 |
---------------+----------------+-----
Transmutations | 3 4 5 |  5.2
Unarmed Combat | 4 |  4.1
Fighting       | |  1.0
Dodging        | |  2.0
Shields        | |  0.2
Spellcasting   | |  2.0

Action                     |  1- 3 |  4- 6 || total
---------------------------+-------+-------++-------
  Melee: Unarmed           |    56 |    95 ||   151
         Constrict         |    12 |    20 ||    32
         Tentacles         |    11 |    14 ||    25
         Kick              |     7 |       ||     7
         Punch             |     2 |     4 ||     6
   Cast: Beastly Appendage |     5 |       ||     5
         Spider Form       |     1 |     3 ||     4
   Stab: Sleeping          |     3 |     4 ||     7
         Distracted        |     1 |       ||     1
 Armour: Skin              |    10 |    15 ||    25
  Dodge: Dodged            |    30 |    42 ||    72
  Block: Other             |       |    13 ||    13

Table legend: (Time is in decaauts)
 A = Elapsed time spent in this place.
 B = Non-inter-level travel time spent in this place.
 C = Inter-level travel time spent in this place.
 D = Time resting spent in this place.
 E = Time spent auto-exploring this place.
 F = Levels seen in this place.
 G = Mean time per level.
                   A        B        C        D        E       F      G
               +--------+--------+--------+--------+--------+-----+--------+
         Total |   3318 |   3238 |     80 |    840 |   1832 |   5 |  663.6 |
       Dungeon |   3318 |   3238 |     80 |    840 |   1832 |   5 |  663.6 |
               +--------+--------+--------+--------+--------+-----+--------+

Top non-repeatable levels by time:
     D:3: 998 daAuts
     D:1: 935 daAuts
     D:4: 778 daAuts
     D:2: 379 daAuts
     D:5: 227 daAuts
